 Dungeon Crawl Stone Soup version 0.26.1-11-gd32895ea62 (webtiles) character file.

Game seed: 12546085056162746425

75 RepoMan the Insei (level 4, 0/29 HPs)
             Began as an Octopode Transmuter on July 25, 2021.
             Slain by an orc
             ... wielding a +0 club
              (5 damage)
             ... on level 1 of the Dungeon.
             The game lasted 00:08:39 (1468 turns).

RepoMan the Insei (Octopode Transmuter)             Turns: 1468, Time: 00:08:39

Health: 0/29       AC:  1    Str: 10    XL:     4   Next: 31%
Magic:  6/7        EV: 14    Int: 15    God:
Gold:   88         SH:  0    Dex: 18    Spells: 4/7 levels left

rFire    . . .     SeeInvis .     - Unarmed
rCold    . . .     Faith    .   (no shield)
rNeg     . . .     Spirit   .   (helmet currently unavailable)
rPois    .         Reflect  .   (no amulet)
rElec    .         Harm     .   a - ring of stealth
rCorr    .         Rampage  .   e - +6 ring of dexterity
Will     .....                  (no ring)
Stlth    ++++......             (no ring)
HPRegen  0.09/turn              (no ring)
MPRegen  0.10/turn              (no ring)
                                (no ring)
                                (no ring)

@: appendages (expiring)
A: almost no armour, stealthy swim, amphibious, 8 rings, constrict 8, tentacle
spike 3, camouflage 1, gelatinous body 1
a: End Transformation


You were on level 1 of the Dungeon.
One of your tentacles had a temporary spike.
You visited 1 branch of the dungeon, and saw 2 of its levels.

You collected 88 gold pieces.

Inventory:

Jewellery
 a - a ring of stealth (left tentacle)
 e - a +6 ring of dexterity (right tentacle)
Scrolls
 b - a scroll of remove curse {unknown}
 d - a scroll of teleportation {unknown}
 g - a scroll of enchant weapon {unknown}
 i - a scroll of blinking {unknown}
 l - a scroll of magic mapping {unknown}
 n - 4 scrolls of identify {unknown}
Potions
 c - a potion of magic {unknown}
 f - a potion of brilliance {unknown}
 h - a potion of curing {unknown}
 j - a potion of invisibility {unknown}
 k - 3 potions of might {unknown}
 m - a potion of attraction {unknown}


   Skills:
 + Level 1.8 Fighting
 - Level 2.0 Dodging
 * Level 3.7 Unarmed Combat
 + Level 2.3 Spellcasting
 * Level 3.0 Transmutations


You had 4 spell levels left.
You knew the following spells:

 Your Spells              Type           Power        Failure   Level
a - Beastly Appendage     Tmut           20%          6%          1
w - Wereblood             Tmut           10%          10%         2

Your spell library contained the following spells:

 Spells                   Type           Power        Failure   Level
 Spider Form              Tmut/Pois      3%           34%         3
 Ice Form                 Ice/Tmut       6%           75%         4
 Blade Hands              Tmut           5%           86%         5


Dungeon Overview and Level Annotations

Branches:
Dungeon (2/15)

Altars:


Innate Abilities, Weirdness & Mutations

You cannot wear most types of armour.
You are very stealthy in the water. (Stealth+)
You are amphibious.
You can wear up to eight rings at the same time.
You can use your tentacles to constrict eight enemies at once.
Your skin changes colour to match your surroundings (Stealth+).
Your rubbery body absorbs attacks. (AC +1, EV +1)
One of your tentacles bears a large vicious spike.


Message History

You kill the orc priest!
The orc barely misses you.
Your Transmutations skill increases to level 3!
You have reached level 4!
Press: ? - help, v - describe, . - travel
Here: an orc, wielding a +0 club The floor.
Unknown command.
Unknown command.
Okay, then.
Press: ? - help, v - describe, . - travel The floor.
Your transformation is almost over.
There is a stone staircase leading up here.
You climb upwards.
There is a stone staircase leading down here.
You barely miss the orc. You grab the orc.
You pierce the orc.
The orc is lightly wounded.
You constrict the orc. The orc hits you with a +0 club.
You die...

#.#####.##..#.##.# #.#
..#.........#.##†########.#
###.###.....#.##..........#
#.##...#..#.###########.##
#.##.#...÷#...†..........#
#.##.#.################.##
#.##.#................#.#
###.##...>#############.#.#
...............o@.....#.#.#
###.............#####.#.#.#
#######.#......####.#.#)##
#.#...#.......#....#
#.#.#....###########
#.#......# ######
#.######### .....#
#......†..#
.....############.#


You could see an orc.

Vanquished Creatures
  An orc priest (D:2)
  An ooze (D:1)
  2 worms (D:2)
  A leopard gecko (D:2)
  A giant cockroach (D:2)
  8 goblins
  3 hobgoblins
  6 kobolds
  A quokka (D:2)
  5 bats
  3 frilled lizards
  6 rats
38 creatures vanquished.

Notes
Turn   | Place    | Note
-------+----------+-------------------------------------------
     0 | D:1      | RepoMan the Octopode Transmuter began the quest for the
                  | Orb.
     0 | D:1      | Reached XP level 1. HP: 13/13 MP: 3/3
   376 | D:1      | Reached XP level 2. HP: 18/18 MP: 3/5
   379 | D:1      | Learned a level 2 spell: Wereblood
   975 | D:2      | Reached XP level 3. HP: 23/23 MP: 6/6
  1150 | D:2      | Found a faded altar of an unknown god.
  1457 | D:2      | Reached XP level 4. HP: 4/29 MP: 5/7
  1468 | D:1      | Slain by an orc

Illustrated notes

Levels and vault maps discovered:
D:1:      dpeg_arrival_subterranean_lakeside_camping, layout_basic
D:2:      layout_rooms, chequers_ecumenical_altar_grove

Skill      XL: |  1  2  3 |
---------------+----------+-----
Transmutations | 3 |  3.0
Fighting       | |  1.8
Dodging        | |  2.0
Unarmed Combat | |  3.7
Spellcasting   | |  2.3

Action                   |  1- 3 |  4- 6 || total
-------------------------+-------+-------++-------
Melee: Unarmed           |    76 |     1 ||    77
       Constrict         |    24 |     1 ||    25
       Kick              |     9 |     1 ||    10
       Tentacles         |    10 |       ||    10
       Punch             |     1 |       ||     1
 Cast: Beastly Appendage |    15 |       ||    15
 Stab: Sleeping          |    12 |       ||    12
Armor: Skin              |     2 |       ||     2
Dodge: Dodged            |    39 |       ||    39
